[Event "Team 45 45 League T33"]
[Site "Internet Chess Club"]
[Date "2007.05.13"]
[Round "4"]
[White "valjean"]
[Black "markev"]
[Result "0-1"]
[WhiteElo "1209"]
[BlackElo "1359"]
[ECO "B32"]
[TimeControl "2700+45"]

1. e4 c5 2. Nf3 Nc6 3. d4 d6 4. Nc3 Bd7 5. d5 Ne5 6. Bf4 Nf6 7. h3 Qa5 8. Nxe5
dxe5 9. Bxe5 Nxe4 10. Qe2 Nd6 11. Bxd6 O-O-O 12. Bf4 e6 13. dxe6 Bxe6 14. Bd2
Qb6 15. O-O-O g6 16. Na4 Qc6 17. b3 Re8 18. Qe5 Rg8 19. Qh2 c4 20. bxc4 Qxa4 21.
Kb2 b5 22. Bc3 bxc4 23. g4 Qa3+ 24. Ka1 Qxc3+ 25. Kb1 Bg7 26. Kc1 Bh6+ 27. f4
Bg7 28. Qg2 Qa1+ 29. Kd2 Rd8+ 30. Bd3 Rxd3+ 31. cxd3 Qxa2+ 32. Ke3 Qxg2 33. Rhg1
Qxh3+ 34. Ke2 cxd3+ 35. Rxd3 Bc4 36. Rc1 Qxd3+ 37. Ke1 Qf1+ 38. Kd2 Rd8+ 39. Kc2
Qd3# {White checkmated} 0-1

[Event "Team 45 45 League T33"]
[Site "Internet Chess Club"]
[Date "2007.05.12"]
[Round "4"]
[White "WzeroMN"]
[Black "gentle-spirit"]
[Result "1-0"]
[WhiteElo "1219"]
[BlackElo "1159"]
[ECO "C01"]
[TimeControl "2700+45"]

1. e4 e6 2. d4 c5 3. d5 e5 4. Nf3 d6 5. c4 f5 6. Nc3 fxe4 7. Nxe4 h6 8. Bd2 Na6
9. a3 Nf6 10. Bd3 Bd7 11. O-O Nxe4 12. Bxe4 Qf6 13. Qb3 Rb8 14. Qd3 Nc7 15. Bg6+
Ke7 16. Be4 b5 17. b3 bxc4 18. bxc4 Kf7 19. Rab1 Rxb1 20. Rxb1 Be7 21. Rb7 Rc8
22. Rxa7 Kg8 23. Rb7 Qf8 24. Qb3 Bd8 25. Ba5 Bf5 26. Qb1 Bxe4 27. Qxe4 Ne8 28.
Bxd8 Rxd8 29. Qb1 Nf6 30. a4 Ra8 31. Qc2 Rb8 32. Qb1 Rxb7 33. Qxb7 Qd8 34. Qb5
Nd7 35. a5 Kf7 36. a6 Nb6 37. a7 Na8 38. Qb8 Qb6 39. h3 Nc7 40. Qxb6 {Black
resigns} 1-0

[Event "Team 45 45 League T33"]
[Site "Internet Chess Club"]
[Date "2007.05.13"]
[Round "4"]
[White "stpatzer"]
[Black "Tomate"]
[Result "1-0"]
[WhiteElo "1509"]
[BlackElo "1333"]
[ECO "A48"]
[TimeControl "2700+45"]

1. d4 Nf6 2. Nf3 g6 3. e3 Bg7 4. Bd3 O-O 5. O-O b6 6. Nbd2 Bb7 7. Re1 d6 8. b3
Re8 9. Bb2 Nd5 10. Be4 Qc8 11. a3 Nf6 12. Bd3 Nbd7 13. e4 Nf8 14. e5 dxe5 15.
dxe5 Nh5 16. Be4 Bxe4 17. Nxe4 Nf4 18. Qd2 Qg4 19. Ng3 Bh6 20. Qc3 Nd5 21. Qc6
Qe6 22. Nd4 Qxc6 23. Nxc6 e6 24. Rad1 Ne7 25. Nxe7+ Rxe7 26. Ne4 Nd7 27. Rxd7
{Black resigns} 1-0

[Event "Team 45 45 League T33"]
[Site "Internet Chess Club"]
[Date "2007.05.14"]
[Round "4"]
[White "Visin"]
[Black "Fidelian"]
[Result "1-0"]
[WhiteElo "1380"]
[BlackElo "1279"]
[ECO "B43"]
[TimeControl "2700+45"]

1. e4 e6 2. Nf3 c5 3. Nc3 a6 4. d4 cxd4 5. Nxd4 e5 6. Nf3 Nc6 7. Bc4 b5 8. Bd5
Be7 9. O-O Nf6 10. Bxc6 dxc6 11. Nxe5 Bb7 12. f3 Qc7 13. Nd3 Bd6 14. f4 Qb6+ 15.
Kh1 Nd7 16. Qe2 O-O-O 17. e5 Bb4 18. Nxb4 Rhe8 19. Be3 Qc7 20. Qf2 c5 21. Nd3
Qc6 22. Nxc5 Nxc5 23. Bxc5 Rd7 24. Rad1 Re6 25. Rxd7 Qxd7 26. Rd1 Qc6 27. Nd5
Rg6 {Black resigns} 1-0

[Event "Team 45 45 League T33"]
[Site "Internet Chess Club"]
[Date "2007.05.16"]
[Round "4"]
[White "hotzoddy"]
[Black "katabatico"]
[Result "0-1"]
[WhiteElo "1315"]
[BlackElo "1341"]
[ECO "C48"]
[TimeControl "2700+45"]

1. e4 e5 2. Nc3 Nf6 3. Nf3 Nc6 4. Bb5 d6 5. Bxc6+ bxc6 6. h3 Be7 7. O-O O-O 8.
d3 Re8 9. Re1 Bb7 10. Bd2 Bf8 11. Rb1 Nd7 12. Be3 d5 13. d4 dxe4 14. Nxe4 exd4
15. Bf4 c5 16. Qd3 Bxe4 17. Rxe4 Rxe4 18. Qxe4 Nf6 19. Qd3 Nd5 20. Bg3 Bd6 21.
Ne5 Qg5 22. Re1 Re8 23. Nf3 Rxe1+ 24. Nxe1 Bxg3 25. Qxg3 Qxg3 26. fxg3 Ne3 27.
a4 f5 28. b3 Kf7 29. Kf2 Ke6 30. Nd3 Nxc2 31. Nxc5+ Kd5 32. Nd3 c5 33. Nf4+ Ke4
34. Ke2 g5 35. Ne6 d3+ 36. Kd2 Na1 37. Nxc5+ Kd4 38. Nxd3 Nxb3+ 39. Kc2 Nc5 40.
Nxc5 Kxc5 41. Kb3 Kd4 42. Kb4 Ke3 43. Kb5 Kf2 44. Kc6 Kxg2 45. a5 Kxg3 46. a6 f4
47. Kb7 f3 48. Kxa7 f2 49. Kb7 f1=Q 50. a7 Qa1 51. a8=Q Qxa8+ 52. Kxa8 Kxh3 53.
Kb7 Kg4 54. Kc6 h5 55. Kd5 h4 56. Ke4 Kg3 57. Ke3 h3 58. Ke2 h2 {White resigns}
0-1

[Event "Team 45 45 League T33"]
[Site "Internet Chess Club"]
[Date "2007.05.11"]
[Round "4"]
[White "CoasterBrake"]
[Black "uipawn"]
[Result "0-1"]
[WhiteElo "1095"]
[BlackElo "1104"]
[ECO "A13"]
[TimeControl "2700+45"]

1. c4 e6 2. Nc3 a6 3. g3 c6 4. Bg2 Nf6 5. Nf3 g6 6. d4 Bg7 7. O-O O-O 8. Bg5 d5
9. cxd5 cxd5 10. Re1 Nc6 11. e4 h6 12. e5 hxg5 13. exf6 Bxf6 14. Ne5 Nxe5 15.
dxe5 Bg7 16. Qd3 Qc7 17. f4 gxf4 18. gxf4 b5 19. Rac1 Qe7 20. Qh3 b4 21. Ne2 a5
22. Nd4 Bb7 23. Nf3 Bh8 24. Ng5 f6 25. exf6 Bxf6 26. Nxe6 Bxb2 27. Nxf8 Qxf8 28.
Rc7 Bg7 29. Bxd5+ Bxd5 30. Ree7 Bd4+ 31. Kf1 Qxf4+ 32. Ke1 Bc3+ 33. Qxc3 bxc3
34. Rg7+ Kf8 35. Rcd7 Re8+ 36. Kd1 Qf1+ {White resigns} 0-1

[Event "Team 45 45 League T33"]
[Site "Internet Chess Club"]
[Date "2007.05.13"]
[Round "4"]
[White "Beancounter"]
[Black "Changuito-77"]
[Result "1/2-1/2"]
[WhiteElo "1706"]
[BlackElo "1784"]
[ECO "D34"]
[TimeControl "2700+45"]

1. d4 d5 2. c4 e6 3. Nc3 c5 4. cxd5 exd5 5. Nf3 Nc6 6. g3 Nf6 7. Bg2 Be7 8. O-O
O-O 9. dxc5 Bxc5 10. Bg5 Be7 11. a3 Be6 12. Nd4 Qd7 13. Nxe6 fxe6 14. Qd2 h6 15.
Bxf6 Bxf6 16. Rfd1 Rad8 17. Ne4 Bd4 18. e3 dxe4 19. exd4 Nxd4 20. Qe1 Qf7 21.
Bxe4 e5 22. Rac1 b6 23. Qe3 Rd6 {Game drawn by mutual agreement} 1/2-1/2

[Event "Team 45 45 League T33"]
[Site "Internet Chess Club"]
[Date "2007.05.10"]
[Round "4"]
[White "ChicoKid"]
[Black "Stav"]
[Result "1-0"]
[WhiteElo "1852"]
[BlackElo "1752"]
[ECO "A40"]
[TimeControl "2700+45"]

1. d4 e6 2. c4 f5 3. Nc3 Nf6 4. e3 d5 5. Bd3 c6 6. Qc2 Bd6 7. f3 Nbd7 8. Nge2
Qe7 9. O-O O-O 10. cxd5 Nxd5 11. Nxd5 cxd5 12. Bd2 Nf6 13. Rac1 Bd7 14. Nf4 Rac8
15. Qb3 Bc6 16. Bc3 Rc7 17. Rf2 Rfc8 18. Qd1 a6 19. Ba5 Rd7 20. Bb6 Bc7 21. Qb3
Bxb6 22. Qxb6 Rdc7 23. Rfc2 g5 24. Nh3 Nd7 25. Qa5 h6 26. b4 b6 27. Qxa6 Qxb4
28. Rxc6 Rxc6 29. Rxc6 Qe1+ 30. Bf1 Qxe3+ 31. Nf2 Rxc6 32. Qa8+ Nf8 33. Qxc6
Qxd4 34. a4 h5 35. Qe8 h4 36. Qe7 Qe3 37. h3 Ng6 38. Qf6 Nf8 39. Qd8 Kf7 40. Qb8
Ng6 41. Qa7+ Kf6 42. a5 Nf4 43. Qxb6 d4 44. a6 Ne2+ 45. Bxe2 Qxe2 46. Qxd4+ Kg6
47. Qa1 g4 48. hxg4 fxg4 49. a7 g3 50. Ng4 h3 51. Qf6+ Kh7 52. Qf7+ Kh8 53.
a8=Q# {Black checkmated} 1-0

[Event "Team 45 45 League T33"]
[Site "Internet Chess Club"]
[Date "2007.05.12"]
[Round "4"]
[White "Russellovich"]
[Black "rrijkers"]
[Result "1-0"]
[WhiteElo "1476"]
[BlackElo "1389"]
[ECO "B01"]
[TimeControl "2700+45"]

1. e4 d5 2. exd5 Nf6 3. Nf3 Bg4 4. Be2 Bxf3 5. Bxf3 Nxd5 6. c4 Nb4 7. Bxb7 Nd3+
8. Kf1 Qd4 9. Qf3 Nxc1 10. Qc3 Qd3+ 11. Qxd3 Nxd3 12. Bxa8 Nxb2 13. Be4 Nxc4 14.
Ke2 g6 15. Nc3 Bg7 16. Bd3 Ne5 17. Rab1 O-O 18. Rb7 Rd8 19. Bc2 Nc4 20. Rd1 Nc6
21. d4 Rxd4 22. Rxd4 Nxd4+ 23. Kd1 Nxc2 24. Kxc2 Na3+ 25. Kb3 Bd4 26. Ne2 Bxf2
27. Kxa3 e5 28. Rxc7 Kg7 29. Kb3 e4 30. Re7 e3 31. Rxa7 Kf6 32. Rd7 h6 33. a4 g5
34. a5 Kg6 35. a6 f5 36. a7 Kh5 37. a8=Q f4 38. Qf3+ Kg6 39. Qg4 Be1 40. Nxf4+
Kf6 41. Qe6# {Black checkmated} 1-0

[Event "Team 45 45 League T33"]
[Site "Internet Chess Club"]
[Date "2007.05.14"]
[Round "4"]
[White "viking99"]
[Black "Frankly"]
[Result "1-0"]
[WhiteElo "1838"]
[BlackElo "1622"]
[ECO "B55"]
[TimeControl "2700+45"]

1. e4 c5 2. Nf3 d6 3. d4 cxd4 4. Nxd4 Nf6 5. f3 g6 6. c4 Bg7 7. Nc3 Nc6 8. Be3
O-O 9. Nc2 Ne5 10. Be2 Be6 11. b3 Nfd7 12. Bd4 f5 13. f4 Nc6 14. Bxg7 Kxg7 15.
Nd4 Nxd4 16. Qxd4+ Kg8 17. O-O Qa5 18. Nd5 Rf7 19. b4 Qd8 20. Rad1 Nf6 21. Nxf6+
Rxf6 22. e5 Rf8 23. exd6 exd6 24. Qxd6 Qc8 25. Rc1 Rd8 26. Qe5 Rd2 27. a3 Ra2
28. Rf3 Bd7 29. c5 Bc6 30. Bc4+ Kf8 31. Qf6+ Ke8 32. Re3+ Be4 33. Qf7+ {Black
resigns} 1-0

[Event "Team 45 45 League T33"]
[Site "Internet Chess Club"]
[Date "2007.05.12"]
[Round "4"]
[White "Smart"]
[Black "rubashov"]
[Result "0-1"]
[WhiteElo "1524"]
[BlackElo "1601"]
[ECO "B40"]
[TimeControl "2700+45"]

1. e4 c5 2. Nf3 e6 3. d3 Nc6 4. g3 d5 5. Nbd2 Qc7 6. Bg2 Nf6 7. O-O Be7 8. Re1
O-O 9. Nf1 Re8 10. Bf4 Qb6 11. e5 Nd7 12. Qc1 c4 13. dxc4 dxc4 14. c3 Nc5 15.
Qc2 Nd3 16. Reb1 Bc5 17. Be3 Ncxe5 18. Nxe5 Nxe5 19. Be4 f5 20. Bg2 Bxe3 21.
Nxe3 Bd7 22. Rd1 Bc6 23. Rd6 Qc7 24. Bxc6 Qxd6 25. Bxe8 Rxe8 26. Rd1 Qc6 27. Qe2
Nf3+ 28. Kf1 Nd4 29. Nd5 Nxe2 30. Nb4 Qf3 31. Rd7 a5 32. Nc2 b5 33. Ne3 f4 34.
g4 fxe3 {White resigns} 0-1

[Event "Team 45 45 League T33"]
[Site "Internet Chess Club"]
[Date "2007.05.14"]
[Round "4"]
[White "OOB1"]
[Black "bajerk"]
[Result "1-0"]
[WhiteElo "1576"]
[BlackElo "1488"]
[ECO "C41"]
[TimeControl "2700+45"]

1. e4 e5 2. Nf3 d6 3. d4 exd4 4. Nxd4 c5 5. Nf3 a6 6. Nc3 Nf6 7. e5 Qe7 8. Nd5
Nxd5 9. Qxd5 h6 10. Bd3 dxe5 11. O-O f6 12. Bg6+ {Black resigns} 1-0

[Event "Team 45 45 League T33"]
[Site "Internet Chess Club"]
[Date "2007.05.10"]
[Round "4"]
[White "Just-Jim"]
[Black "Mfalme"]
[Result "0-1"]
[WhiteElo "1401"]
[BlackElo "1358"]
[ECO "C41"]
[TimeControl "2700+45"]

1. e4 e5 2. Nf3 d6 3. h3 Nc6 4. Bc4 h6 5. Nc3 Nf6 6. d3 Na5 7. Bb5+ c6 8. Ba4 b5
9. Bb3 Nxb3 10. axb3 b4 11. Na2 c5 12. O-O Be7 13. c3 a5 14. Re1 Bb7 15. Nd2 O-O
16. d4 exd4 17. cxd4 cxd4 18. Nc4 Nxe4 19. Qg4 Ng5 20. Qxd4 d5 21. Ne5 Bf6 22.
f4 Ne4 23. Be3 Re8 24. Nc1 Bh4 25. Rf1 Ng3 26. Rf3 Nf5 27. Qc5 d4 28. Nc6 Bxc6
29. Qxc6 dxe3 30. Ne2 Bf2+ 31. Kh2 Qd2 32. Qc4 Qxb2 33. Rd1 Rac8 34. Qb5 Qxb3
35. Rd7 a4 36. Qxf5 a3 37. Nd4 Qc4 38. Ne6 Qxe6 39. Qb5 b3 40. f5 Qc4 41. Qb7 a2
42. f6 a1=Q 43. Rxf2 exf2 44. Re7 Qg1+ 45. Kg3 Qc3+ 46. Kg4 Qxf6 47. Rxe8+ Rxe8
48. Qd7 Qe6+ {White resigns} 0-1

[Event "Team 45 45 League T33"]
[Site "Internet Chess Club"]
[Date "2007.05.10"]
[Round "4"]
[White "Traho"]
[Black "zatopek1"]
[Result "1-0"]
[WhiteElo "1392"]
[BlackElo "1458"]
[ECO "C50"]
[TimeControl "2700+45"]

1. e4 e5 2. Nf3 Nc6 3. Bc4 Be7 4. O-O Nf6 5. d3 O-O 6. Nc3 d6 7. Re1 Be6 8. Bxe6
fxe6 9. Ng5 Nd4 10. Ne2 Nxe2+ 11. Qxe2 Qd7 12. c4 c6 13. Nf3 Rae8 14. b3 Qc7 15.
Bb2 Nd7 16. Rac1 Bf6 17. Ba3 Rf7 18. Red1 Qb8 19. Bb2 d5 20. c5 d4 21. b4 Nf8
22. Qd2 Ng6 23. Ng5 Qd8 24. Nxf7 Kxf7 25. Qe2 Kg8 26. Rc2 Nf4 27. Qf1 Qd7 28. g3
Ng6 29. Bc1 Qc7 30. f4 exf4 31. Bxf4 Nxf4 32. Qxf4 Qxf4 33. gxf4 e5 34. f5 Bg5
35. Rf2 a6 36. Rg2 Be3+ 37. Kf1 Rf8 38. Ke2 Rf6 39. Rf1 Rh6 40. Rf3 Bc1 41. Rfg3
g6 42. fxg6 hxg6 43. Rxg6+ Rxg6 44. Rxg6+ Kf7 45. Rg1 Ba3 46. Rb1 a5 47. bxa5
Bxc5 48. Rxb7+ Ke6 49. a6 {Black resigns} 1-0

[Event "Team 45 45 League T33"]
[Site "Internet Chess Club"]
[Date "2007.05.16"]
[Round "4"]
[White "Orforded"]
[Black "guyd52"]
[Result "1-0"]
[WhiteElo "1244"]
[BlackElo "1265"]
[ECO "B22"]
[TimeControl "2700+45"]

1. e4 c5 2. c3 g6 3. d4 cxd4 4. cxd4 d6 5. Nc3 Bg7 6. Nf3 Nf6 7. Bc4 O-O 8. O-O
Nbd7 9. b4 b6 10. e5 dxe5 11. dxe5 Ng4 12. e6 Bxc3 13. exd7 Bxa1 14. dxc8=Q Rxc8
15. Ba6 Qxd1 16. Rxd1 Rc2 17. Rf1 Rxa2 18. Bc4 Bc3 19. Bxa2 {Black resigns} 1-0

[Event "Team 45 45 League T33"]
[Site "Internet Chess Club"]
[Date "2007.05.12"]
[Round "4"]
[White "Conjurer"]
[Black "bookseller"]
[Result "0-1"]
[WhiteElo "1374"]
[BlackElo "1352"]
[ECO "A22"]
[TimeControl "2700+45"]

1. c4 e5 2. Nc3 Nf6 3. Nf3 e4 4. Ng1 Bb4 5. e3 Bxc3 6. bxc3 O-O 7. g3 Re8 8. Bg2
d6 9. Ne2 Nc6 10. O-O Be6 11. Qb3 Rb8 12. Qb5 Ne5 13. Qb1 Bxc4 14. Re1 Nf3+ 15.
Bxf3 exf3 16. Nf4 Qd7 17. h3 g5 18. Qb4 gxf4 19. Qxc4 Qxh3 20. Qxf4 Qg2# {White
checkmated} 0-1

[Event "Team 45 45 League T33"]
[Site "Internet Chess Club"]
[Date "2007.05.14"]
[Round "4"]
[White "t-hobbes"]
[Black "WilmaP"]
[Result "1-0"]
[WhiteElo "1342"]
[BlackElo "1092"]
[ECO "C15"]
[TimeControl "2700+45"]

1. e4 e6 2. d4 d5 3. Nc3 Bb4 4. exd5 Qxd5 5. Nf3 Qd8 6. Be2 Nf6 7. O-O Nc6 8.
Bf4 Bd6 9. Ne5 O-O 10. Bb5 Bd7 11. Nxd7 Qxd7 12. Bg5 Be7 13. Bxf6 Bxf6 14. d5
exd5 15. Nxd5 Bxb2 16. Nf6+ Bxf6 17. Qxd7 Bxa1 18. Rxa1 Rad8 19. Qxc7 Nb4 20. a3
Nd5 21. Qxb7 Nc3 22. Bc4 Rd2 23. Qf3 Na4 24. Re1 h6 25. Re8 Rxe8 26. Qxf7+ Kh8
27. Qxe8+ Kh7 28. Bd3+ g6 29. Qxg6+ Kh8 30. Qh7# {Black checkmated} 1-0

[Event "Team 45 45 League T33"]
[Site "Internet Chess Club"]
[Date "2007.05.12"]
[Round "4"]
[White "schweppz"]
[Black "moreffee"]
[Result "1-0"]
[WhiteElo "1460"]
[BlackElo "1266"]
[ECO "A45"]
[TimeControl "2700+45"]

1. d4 Nf6 2. Bg5 c6 3. e3 Qa5+ 4. c3 Qxg5 5. Nf3 Qa5 6. b4 Qd8 7. a4 d5 8. b5
Bg4 9. c4 Nbd7 10. bxc6 bxc6 11. cxd5 cxd5 12. Nbd2 e6 13. Bb5 Bb4 14. Ra2 O-O
15. O-O Ne4 16. Qc2 Ndf6 17. Nxe4 Nxe4 18. Ne5 Rc8 19. Qb3 a5 20. Nxg4 Nd2 21.
Rxd2 Bxd2 22. Ne5 Rc7 23. Nc6 Qc8 24. Qd3 Bb4 25. Nxb4 axb4 26. Qb3 Rc1 27. Qxb4
Rxf1+ 28. Bxf1 Qb8 29. Qc3 Rc8 30. Qa1 Qc7 31. a5 Qc1 32. Qa4 g6 33. a6 Rc7 34.
a7 {Black resigns} 1-0

[Event "Team 45 45 League T33"]
[Site "Internet Chess Club"]
[Date "2007.05.10"]
[Round "4"]
[White "EyeAm"]
[Black "otib2006"]
[Result "1-0"]
[WhiteElo "1413"]
[BlackElo "1199"]
[ECO "B24"]
[TimeControl "2700+45"]

1. e4 c5 2. Nc3 Nc6 3. g3 g6 4. Bg2 Bg7 5. d3 Nf6 6. Be3 b6 7. Nf3 O-O 8. O-O e6
9. e5 Nd5 10. Nxd5 exd5 11. Bf4 d4 12. Re1 Re8 13. c3 f6 14. Qb3+ Kh8 15. exf6
Rxe1+ 16. Rxe1 Bxf6 17. Qf7 Bb7 18. Bd6 dxc3 19. bxc3 Bxc3 20. Be5+ Nxe5 21.
Nxe5 Bxe5 22. Rxe5 Bxg2 23. Kxg2 Qg8 24. Qxd7 Rd8 25. Qxa7 Ra8 26. Qxb6 Rxa2 27.
Qf6+ Qg7 {Black resigns} 1-0

[Event "Team 45 45 League T33"]
[Site "Internet Chess Club"]
[Date "2007.05.14"]
[Round "4"]
[White "cobbler"]
[Black "IconoJett"]
[Result "1-0"]
[WhiteElo "1146"]
[BlackElo "1066"]
[ECO "D00"]
[TimeControl "2700+45"]

1. d4 d5 2. e3 Nc6 3. Bd3 e5 4. c3 Nf6 5. Nd2 e4 6. Bc2 Bf5 7. Bb3 Be6 8. Ne2
Bd6 9. f3 Na5 10. Ba4+ Bd7 11. Bc2 Bf5 12. Ng3 g6 13. fxe4 Nxe4 14. Ngxe4 dxe4
15. O-O O-O 16. Nxe4 Bxh2+ 17. Kxh2 Bxe4 18. Bxe4 Qh4+ 19. Kg1 Qxe4 20. Rf3 Nc4
21. b3 Nd6 22. Ba3 g5 23. c4 f5 24. c5 g4 25. Rg3 Nf7 26. c6 bxc6 27. Bxf8 Rxf8
28. Rc1 h5 29. Qc2 Nd8 30. Qxe4 fxe4 31. Rf1 Ne6 32. Rxf8+ Nxf8 33. Kf2 Ng6 34.
Ke2 Nh4 35. Kd2 Nf3+ 36. gxf3 exf3 37. Rg1 f2 38. Rf1 g3 39. Ke2 Kg7 40. Kf3 h4
41. Kg2 Kg6 42. Rxf2 gxf2 43. Kxf2 Kg5 44. Kg2 Kg4 45. e4 h3+ 46. Kh2 Kh4 47. e5
Kg5 48. Kxh3 Kf5 49. Kg3 Ke4 50. e6 Kd5 51. e7 {Black resigns} 1-0

[Event "Team 45 45 League T33"]
[Site "Internet Chess Club"]
[Date "2007.05.11"]
[Round "4"]
[White "Knight77"]
[Black "mitus"]
[Result "0-1"]
[WhiteElo "1806"]
[BlackElo "1872"]
[ECO "A05"]
[TimeControl "2700+45"]

1. Nf3 Nf6 2. g3 e6 3. Bg2 d5 4. O-O c5 5. d3 Nbd7 6. Nbd2 Bd6 7. e4 O-O 8. Re1
Qc7 9. Qe2 dxe4 10. Nxe4 Nxe4 11. dxe4 e5 12. Be3 Nf6 13. Red1 Nxe4 14. Nxe5
Nxg3 15. hxg3 Bxe5 16. Rd5 Bd6 17. Rad1 Be5 18. Bxc5 Re8 19. Rxe5 Bd7 20. Rxe8+
Rxe8 21. Qd3 Bg4 22. Bd6 Qa5 23. Bf3 Bc8 24. Be4 h6 25. b4 Qxa2 26. Bd5 Qb2 27.
Qc4 Qf6 28. Bc5 b6 29. Qb5 Qe5 30. Bd6 Qe2 31. Qxe2 Rxe2 32. Bb8 a5 33. Bf3 Re8
34. bxa5 bxa5 35. Bc7 Bf5 36. c3 a4 37. Bc6 Rc8 38. Rd8+ Rxd8 39. Bxd8 a3 40.
Bd5 Be6 41. Ba5 Bxd5 42. c4 Bxc4 43. Kg2 f5 44. Kf3 g5 45. Ke3 Kf7 46. Kd4 Be6
47. Kc3 h5 {White resigns} 0-1

[Event "Team 45 45 League T33"]
[Site "Internet Chess Club"]
[Date "2007.05.10"]
[Round "4"]
[White "mambomex"]
[Black "Puedo"]
[Result "1-0"]
[WhiteElo "1822"]
[BlackElo "1812"]
[ECO "C21"]
[TimeControl "2700+45"]

1. e4 e5 2. d4 exd4 3. c3 Qe7 4. cxd4 Qxe4+ 5. Be3 Nf6 6. Nf3 Bb4+ 7. Nc3 O-O 8.
Bd3 Qe7 9. O-O d5 10. Qb3 c6 11. Rae1 Qd6 12. Bg5 Ba5 13. Bh4 Bc7 14. Qc2 h6 15.
Nb5 cxb5 16. Bg3 Qc6 17. Bxc7 Ne4 18. Rc1 Qxc2 19. Rxc2 a6 20. Ne5 Be6 21. f3
Nf6 22. Bd6 Re8 23. Rfc1 Nc6 24. Nxc6 bxc6 25. Rxc6 Rac8 26. Bc7 Ra8 27. Bf4
Rec8 28. R6c5 Rxc5 29. dxc5 Rc8 30. c6 d4 31. Be5 Nd5 32. c7 Nb4 33. Bb1 d3 34.
Bd6 d2 35. Rd1 Nd5 36. Rxd2 g6 37. Rc2 Ne3 38. Rc6 Nc4 39. Bf4 Nxb2 40. Bxh6 Bd7
41. Rc5 Na4 42. Rc1 Nb6 43. Be4 Nc4 44. Bf4 g5 45. Rd1 Nb6 46. Be3 Rxc7 47. Bxb6
{Black resigns} 1-0

[Event "Team 45 45 League T33"]
[Site "Internet Chess Club"]
[Date "2007.05.13"]
[Round "4"]
[White "Benaque"]
[Black "hualpe"]
[Result "1-0"]
[WhiteElo "1399"]
[BlackElo "1766"]
[ECO "B01"]
[TimeControl "2700+45"]

1. e4 d5 2. exd5 Nf6 3. Bb5+ Bd7 4. Bxd7+ Nbxd7 5. Nc3 Nb6 6. Nge2 Nbxd5 7. O-O
e5 8. d3 h6 9. Re1 Bd6 10. Nxd5 Nxd5 11. Ng3 O-O 12. Nf5 Kh7 13. Qh5 Qf6 14. Qf3
Nb4 15. Re2 Nc6 16. Qe4 Kh8 17. b3 Rfe8 18. a4 Rab8 19. Bb2 Nd4 20. Nxd4 exd4
21. Qxe8+ Rxe8 22. Rxe8+ Kh7 23. Rae1 c5 24. Bc1 Qf5 25. h3 f6 26. Kf1 g5 27.
R1e6 Bf4 28. R6e7+ Kg6 29. Rg8+ {Black resigns} 1-0

[Event "Team 45 45 League T33"]
[Site "Internet Chess Club"]
[Date "2007.05.10"]
[Round "4"]
[White "fantanaranja"]
[Black "drflounder"]
[Result "1/2-1/2"]
[WhiteElo "1719"]
[BlackElo "1767"]
[ECO "E12"]
[TimeControl "2700+45"]

1. d4 Nf6 2. Nf3 e6 3. c4 b6 4. Nc3 Bb4 5. Qb3 c5 6. Bg5 O-O 7. e3 Bb7 8. Be2 d6
9. O-O Bxc3 10. bxc3 Nbd7 11. Nd2 Qc7 12. Rac1 Ne4 13. Nxe4 Bxe4 14. f3 Bb7 15.
Qc2 h6 16. Bf4 e5 17. Bg3 Nf6 18. Bh4 Nd7 19. d5 Rfe8 20. f4 exf4 21. exf4 Re3
22. Rf3 Rae8 23. Rxe3 Rxe3 24. Re1 Nf8 25. Qd2 Re8 26. Bd3 Qd7 27. Rxe8 Qxe8 28.
Qe1 Qxe1+ 29. Bxe1 Ng6 30. Bd2 Kf8 31. Kf2 Bc8 32. Ke3 Ke7 33. Be1 Ke8 34. h3 h5
35. Be2 h4 36. Bd3 f5 37. Be2 Kf7 38. Bh5 Kf6 39. Bxg6 Kxg6 40. Bxh4 Kf7 41. Kd3
Ke8 42. Kc2 Kf7 43. Kb3 Ke8 44. a4 Kd7 45. Kc2 Ke8 46. g3 g6 47. Bg5 Kd7 48. Kb2
Ke8 49. Kb3 Kd7 {Game drawn by mutual agreement} 1/2-1/2

[Event "Team 45 45 League T33"]
[Site "Internet Chess Club"]
[Date "2007.05.14"]
[Round "4"]
[White "AVEMARIA"]
[Black "HoHo"]
[Result "1/2-1/2"]
[WhiteElo "1777"]
[BlackElo "1782"]
[ECO "B52"]
[TimeControl "2700+45"]

1. e4 c5 2. Nf3 d6 3. Bb5+ Bd7 4. Bxd7+ Qxd7 5. O-O Nc6 6. c3 Nf6 7. Re1 e6 8.
d4 cxd4 9. cxd4 Be7 10. Nc3 O-O 11. h3 Rfd8 12. Bf4 d5 13. Ne5 Nxe5 14. dxe5
Nxe4 15. Nxe4 dxe4 16. Qxd7 Rxd7 17. Rxe4 Rc8 18. Re2 Rdc7 19. Be3 Bc5 20. Bxc5
Rxc5 21. Kh2 Rc1 22. Rxc1 Rxc1 23. Kg3 Kf8 24. Rd2 Ke7 25. Rd3 Rc5 26. f4 Ra5
27. Rc3 Kd7 28. a3 b6 29. b4 Rd5 30. Kf3 f5 31. h4 h5 32. Ke3 a6 33. a4 g6 34.
g3 b5 35. a5 Rd1 36. Rd3+ Rxd3+ 37. Kxd3 Kc7 38. Kc3 Kd7 39. Kd3 Kc7 40. Kc3 Kd7
41. Kd3 Kc7 42. Kc3 {Game drawn by repetition} 1/2-1/2

[Event "Team 45 45 League T33"]
[Site "Internet Chess Club"]
[Date "2007.05.15"]
[Round "4"]
[White "Izeelden"]
[Black "Freidenker"]
[Result "0-1"]
[WhiteElo "1674"]
[BlackElo "1624"]
[ECO "C00"]
[TimeControl "2700+45"]

1. e4 e6 2. Nf3 d5 3. e5 c5 4. d4 cxd4 5. Nxd4 Nc6 6. Bb5 Bd7 7. Bxc6 bxc6 8.
O-O c5 9. Nf3 Ne7 10. Bg5 Qb6 11. b3 Ng6 12. a4 Be7 13. Bxe7 Kxe7 14. a5 Qc7 15.
Re1 c4 16. b4 Rab8 17. c3 Nf4 18. Qd2 Nd3 19. Qg5+ Kf8 20. Re3 h6 21. Qh5 Ke7
22. Nbd2 Nb2 23. Nd4 Nd3 24. Rf1 a6 25. f4 Rbf8 26. f5 exf5 27. Nxf5+ Bxf5 28.
Qxf5 Qc8 29. Qh5 Qe6 30. Nf3 g6 31. Qh4+ g5 32. Qd4 Ra8 33. Nd2 Nf4 34. g3 Rhg8
35. Kh1 Nd3 36. Rf6 Qd7 37. e6 fxe6 38. Rexe6+ Qxe6 39. Rxe6+ Kxe6 40. Qb6+ Kd7
41. Qxh6 Ne5 42. Kg2 g4 43. Qb6 Rgf8 44. b5 axb5 45. Qxb5+ Kd6 46. Qb6+ Nc6 47.
Qe3 Rfe8 48. Qf4+ Ne5 49. Qd4 Rxa5 50. Ne4+ Kc6 51. Nf2 Ra2 52. Qf4 Nd3 53. Qf6+
Kb5 54. Qd4 Rxf2+ 55. Qxf2 Nxf2 56. Kxf2 Rh8 57. Ke3 Rxh2 58. Kf4 Rc2 59. Kxg4
Rxc3 60. Kf4 d4 61. g4 d3 62. Ke3 Rc1 63. Kf2 d2 64. g5 d1=Q {White resigns} 0-1

[Event "Team 45 45 League T33"]
[Site "Internet Chess Club"]
[Date "2007.05.12"]
[Round "4"]
[White "clarinetref"]
[Black "Avedldesierto"]
[Result "1-0"]
[WhiteElo "1608"]
[BlackElo "1708"]
[ECO "A09"]
[TimeControl "2700+45"]

1. Nf3 d5 2. c4 dxc4 3. e4 b5 4. a4 c6 5. Nc3 Bd7 6. axb5 cxb5 7. b3 b4 8. Na2
f5 9. exf5 cxb3 10. Qxb3 Nc6 11. Bc4 Nh6 12. Ng5 Bxf5 13. Nf7 Nxf7 14. Bxf7+ Kd7
15. Qd5+ Kc7 16. Qxf5 Qd4 17. Rb1 a5 18. Bb2 Qd6 19. Rc1 Rd8 20. Be5 {Black
resigns} 1-0

[Event "Team 45 45 League T33"]
[Site "Internet Chess Club"]
[Date "2007.05.13"]
[Round "4"]
[White "Bug"]
[Black "SpikeyJ"]
[Result "1-0"]
[WhiteElo "2119"]
[BlackElo "2068"]
[ECO "D85"]
[TimeControl "2700+45"]

1. d4 Nf6 2. c4 g6 3. Nc3 d5 4. cxd5 Nxd5 5. Nf3 Bg7 6. Qb3 Nxc3 7. bxc3 c5 8.
e3 Nd7 9. Ba3 O-O 10. Rd1 Qa5 11. Be2 b5 12. O-O Rb8 13. dxc5 Bxc3 14. c6 Nf6
15. Bxe7 Be6 16. Qc2 Rfc8 17. Nd4 Nd5 18. Nxe6 fxe6 19. Bd6 Rb6 20. Qe4 Kf7 21.
Bg4 Re8 22. Rxd5 exd5 23. Qxd5+ Kg7 24. Bc7 Bf6 25. g3 Qa6 26. Bd7 Rf8 27. Rd1
b4 28. Bd6 Rd8 29. Qe6 Qe2 30. Rf1 Qc2 31. Be7 Qf5 32. Qxf6+ Qxf6 33. Bxf6+ Kxf6
34. c7 Rbb8 35. cxb8=Q Rxb8 {Black resigns} 1-0

[Event "Team 45 45 League T33"]
[Site "Internet Chess Club"]
[Date "2007.05.11"]
[Round "4"]
[White "PoisonIvy"]
[Black "gracey"]
[Result "1-0"]
[WhiteElo "1849"]
[BlackElo "2112"]
[ECO "A40"]
[TimeControl "2700+45"]

1. d4 e5 2. dxe5 Nc6 3. Nf3 Qe7 4. Nc3 Nxe5 5. e4 Nxf3+ 6. Qxf3 d6 7. Bc4 Be6 8.
Nd5 Bxd5 9. Bxd5 c6 10. Bb3 d5 11. O-O dxe4 12. Qg3 O-O-O 13. Be3 b6 14. Rfd1
Rxd1+ 15. Rxd1 Nf6 16. Bg5 h6 17. Qh3+ Kc7 18. Bxf6 Qxf6 19. Rd7+ Kc8 20. Rxf7+
{Black resigns} 1-0